[Event "ONJK 2024 ABC"]
[Site "Velp, Netherlands"]
[Date "2024.08.06"]
[Round "6.7"]
[White "Sapulette, Jay-Giani"]
[Black "Hagen, Carlijn"]
[Result "1-0"]
[TimeControl "90 minutes + 30 seconds"]
[WhiteElo "1746"]
[BlackElo "1645"]

1. e4 e5 2. Nf3 Nc6 3. d4 exd4 4. Bc4 Be7 5. c3 d6 6. cxd4 Bg4 7. Qb3 Bh5 8. Qxb7 Na5 9. Qb5+ c6 10.
Qxh5 Nxc4 11. Nfd2 Nxd2 12. Nxd2 Qb6 13. Nb3 Nf6 14. Qe2 O-O 15. O-O Rfe8 16. f3 Bd8 17. Be3 Qb7 18. Rac1 Rc8 19.
Rc3 a5 20. Qc2 a4 21. Nd2 Re7 22. Nc4 Ne8 23. Qxa4 d5 24. Rb3 Qa8 25. Qxa8 Rxa8 26. Ne5 Re6 27. exd5 cxd5 28. a3 Bf6 29.
Bf2 Bxe5 30. dxe5 Rxe5 31. Bg3 Re2 32. Rd1 Rc8 33. Kf1 Rcc2 34. Re1 Rxe1+ 35. Bxe1 f6 36. Bc3 Nd6 37. a4 Nc4 38.
Be1 Nxb2 39. a5 Nc4 40. a6 Ra2 41. Rb8+ Kf7 42. Rb7+ Kg6 43. a7 Ne3+ 44. Kg1 Rxg2+ 45. Kh1 Re2 46.
Rb1 Ra2 47. Bb4 Nc2 48. Bc5 Ra5 49. Rb8 Rxc5 50. a8=Q Ne3 51. Rb1 Rc2 52. Qe8+ 1-0

[Event "ONJK 2024 ABC"]
[Site "Velp, Netherlands"]
[Date "2024.08.06"]
[Round "6.8"]
[White "Kool, Jesper"]
[Black "Musabayev, Maxim"]
[Result "1-0"]
[TimeControl "90 minutes + 30 seconds"]
[WhiteElo "1823"]
[BlackElo "1824"]

1. e4 e5 2. Nf3 Nc6 3. d4 exd4 4.
Nxd4 Bc5 5. Be3 Qf6 6. c3 Nge7 7. Bc4 O-O 8. O-O d6 9. Nxc6 Nxc6 10. Bxc5 dxc5 11. f4 Be6 12. Na3 Rad8 13.
Qe2 Rd7 14. Bb5 Rfd8 15. f5 Rd2 16. fxe6 1-0

[Event "ONJK 2024 ABC"]
[Site "Velp, Netherlands"]
[Date "2024.08.06"]
[Round "6.9"]
[White "De Rycke, Killian"]
[Black "Frederiks, Jesse"]
[Result "1/2-1/2"]
[TimeControl "90 minutes + 30 seconds"]
[WhiteElo "1751"]
[BlackElo "1757"]

1. e4 Nf6 2. Nc3 d5 3. exd5 Nxd5 4. d4 Nxc3 5. bxc3 g6 6. Nf3 Bg7 7. Bf4 O-O 8. Bc4 Nd7 9. O-O Nb6 10.
Bb3 c5 11. Qe2 Bg4 12. dxc5 Nd7 13. Rad1 Qa5 14. c6 bxc6 15. Qxe7 Qf5 16. Qg5 Qxg5 17. Bxg5 Ne5 18. Be7 Rfe8 19.
Nxe5 Bxe5 20. f3 Rxe7 21. fxg4 Bxc3 22. Rd3 Bb4 23. Rfd1 Rae8 24. Rd7 Rxd7 25. Rxd7 Re7 26. Rxe7 Bxe7 27.
Kf2 Kg7 28. Ke3 f5 29. gxf5 gxf5 30. Kd4 Kf6 31. c4 c5+ 32. Kd5 f4 33. Kc6 Ke5 34. Kb7 a5 35. Kb6 Kd4 36. Kxa5 h5 37.
Kb5 h4 38. h3 Ke5 39. Bd1 Kd6 40.
Kb6 Bd8+ 41. Kb5 Be7 42. a4 Kc7 43. a5 Kb7 44. Bf3+ Ka7 45. a6 Bf8 46. Bb7 Be7 47. Kc6 Bf8 48. Kd5 Kb6 49. Ke4 Be7 50. Kxf4 Bd6+ 51.
Ke4 Bg3 52. Kd5 Bh2 53. Bc8 Bb8 54.
Ke4 Kc6 1/2-1/2

[Event "ONJK 2024 ABC"]
[Site "Velp, Netherlands"]
[Date "2024.08.06"]
[Round "6.10"]
[White "Zhezheria, Maksym"]
[Black "Zootjes, Aaron"]
[Result "1-0"]
[TimeControl "90 minutes + 30 seconds"]
[WhiteElo "1626"]
[BlackElo "1639"]

1. d4 d5 2. c4 e6 3. Nc3 Nf6 4. Nf3 c5 5. e3 Nc6 6. cxd5 exd5 7. Bb5 Bd7 8. dxc5 Bxc5 9. O-O a6 10.
Ba4 O-O 11. Nxd5 b5 12. Bb3 Bg4 13. Nxf6+ Qxf6 14. Bd5 Rad8 15. h3 Bh5 16. g4 Bg6 17. e4 Ne5 18. Nxe5 Qxe5 19. Qf3 Rfe8 20.
Re1 Rxd5 21. Bf4 Bxe4 22. Qg3 Qxb2 23. Rab1 Rd3 24. Rxb2 Rxg3+ 25. Bxg3 Re6 26. Rb3 Kf8 27. Kh2 Ke7 28.
Rc3 Bb4 29. Rc7+ Kf6 30. f4 Bxe1 31. Bxe1 Bd5 32. Bh4+ g5 33. Bxg5+ Kg7 34. Rc2 Re3 35. Rd2 Bc4 36. Rd6 Re6 37.
Rd8 Re2+ 38. Kg3 Re3+ 39. Kf2 Rxh3 40. f5 Rh2+ 41. Kg3 Rxa2 42. f6+ 1-0

[Event "ONJK 2024 ABC"]
[Site "Velp, Netherlands"]
[Date "2024.08.06"]
[Round "6.11"]
[White "Luijkx, Dagmar"]
[Black "Van Groning, Christian"]
[Result "0-1"]
[TimeControl "90 minutes + 30 seconds"]
[WhiteElo "1653"]
[BlackElo "1778"]

1. e4 e5 2. Nc3 Nc6 3. Bc4 Nf6 4.
d3 Bb4 5. Nge2 d6 6. Bg5 Nd4 7. O-O Nxe2+ 8. Qxe2 c6 9. f4 Be6 10. Bxe6 fxe6 11. fxe5 dxe5 12. Bxf6 gxf6 13. Qh5+ Ke7 14.
Ne2 Bc5+ 15. Kh1 Qe8 16. Qxe8+ Raxe8 17. Rf3 Rhg8 18. Raf1 Rg6 19. c3 Rd8 20. a4 a5 21. Rb1 Rd7 22.
b4 axb4 23. cxb4 Ba7 24. a5 Rg8 25. Ng3 Rgd8 26. Rbf1 Rf8 27. Nh5 f5 28. exf5 exf5 29. Rxf5 Rxf5 30. Rf3 Rf4 31. Rxf4 Rxd3 32. Rf5 Kd6 33. Rxe5 Rc3 34. Re1 Rb3 35. Rd1+ Ke7 36. Re1+ Kf7 37.
g3 Rxb4 38. Rf1+ Ke7 39. Re1+ Kf7 40. Rd1 Ke7 41. Ra1 Bd4 42. Rd1 c5 43. Nf4 Ra4 44. Nd5+ Kd6 45. Nb6 Ra1 46. Rxa1 Bxa1 47.
Kg2 Bc3 48. Kf3 Ke6 49. Nc4 Kd5 50. Nb6+ Kd4 51. h4 Bxa5 52. Na4 b5 53. Nb2 Bc3 54. Nd1 b4 55. g4 b3 56. g5 b2 57.
Nxb2 Bxb2 58. h5 Kd3 59. g6 hxg6 60. h6 Bh8 61. Kf4 c4 62. Kg5 c3 63. Kxg6 Bd4 64. h7 c2 65. Kf7 c1=Q 0-1

[Event "ONJK 2024 ABC"]
[Site "Velp, Netherlands"]
[Date "2024.08.06"]
[Round "6.12"]
[White "Bos, Yaro"]
[Black "Henckens, Elof"]
[Result "0-1"]
[TimeControl "90 minutes + 30 seconds"]
[WhiteElo "1270"]
[BlackElo "1707"]

1. e4 e5 2. Nf3 Nf6 3. Nc3 Bb4 4.
Nxe5 O-O 5. b3 Re8 6. Nd3 Bxc3 7. dxc3 Nxe4 8. Be2 Nxc3 9. Qd2 Rxe2+ 10. Qxe2 Nxe2 11. Kxe2 d6 12. Re1 Bf5 13. Kf1 Bxd3+ 14. cxd3 h6 15. Bb2 Nc6 16. Re3 Qd7 17.
Rae1 Kf8 18. Kg1 f6 19. Bc3 Kf7 20. a4 a5 21. h3 Qf5 22. Rf3 Qd5 23. Re4 Qxb3 24. Bd2 Qd1+ 25. Be1 Re8 26. Rfe3 Rxe4 27. Rxe4 Qxd3 28. f3 d5 29. Rg4 Ne5 30. Rh4 Qd1 31. Kf1 Nd3 32.
Rd4 Qxe1# 0-1

[Event "ONJK 2024 ABC"]
[Site "Velp, Netherlands"]
[Date "2024.08.06"]
[Round "6.13"]
[White "Roebers, Bregje"]
[Black "De Jong, Lode"]
[Result "0-1"]
[TimeControl "90 minutes + 30 seconds"]
[WhiteElo "1796"]
[BlackElo "1755"]

1. e4 c5 2. Nc3 d6 3. Bc4 e6 4. d3 Nc6 5. a4 g6 6. f4 Bg7 7. Nf3 Nge7 8. O-O O-O 9. Qe1 d5 10.
Ba2 Nd4 11. Nxd4 cxd4 12. Ne2 dxe4 13. dxe4 b6 14. Qh4 Bb7 15. f5 gxf5 16. Bg5 f6 17. Bxe6+ Kh8 18. Bh6 Ng6 19. Bxg7+ Kxg7 20.
Qh5 fxe4 21. Ng3 Qc7 22. Nf5+ Kh8 23. Qh6 Rfe8 24. Bb3 Rad8 25. h4 Rf8 26. h5 Ne5 27. Qf4 Ba6 28. Qh6 Bxf1 29.
Rxf1 Ng4 30. Qf4 Qxf4 31. Rxf4 Ne3 32. Kf2 Nxf5 33. Rxf5 d3 34. c3 Kg7 35. Ke3 Rfe8 36. g4 d2 37.
Bd1 Rd3+ 38. Ke2 Rg3 39. Kf2 Rh3 40. Rd5 Rh1 41. Be2 e3+ 42. Kf3 Ra1 43. Rd7+ Kf8 44. Rd4 Re5 45. b3 Ke7 46.
Kf4 Re1 47. Kf3 Re6 48. Rd3 Rd6 49. Rxe3+ Kd8 0-1

[Event "ONJK 2024 ABC"]
[Site "Velp, Netherlands"]
[Date "2024.08.06"]
[Round "6.14"]
[White "Lejzerowicz, Nathan"]
[Black "Dijkhuijsen, Thomas"]
[Result "1/2-1/2"]
[TimeControl "90 minutes + 30 seconds"]
[WhiteElo "1668"]
[BlackElo "1750"]

1. c4 e5 2. Nc3 Nf6 3. g3 Bb4 4. Bg2 O-O 5. Nf3 Nc6 6. O-O Re8 7. e3 Bxc3 8. dxc3 d6 9. b4 a6 10.
a4 Bg4 11. h3 Be6 12. Nd2 Qd7 13. Kh2 e4 14. Nxe4 Nxe4 15. Bxe4 Bxc4 16. Bd3 Ne5 17. Bxc4 Nxc4 18. Qd5 Nb6 19.
Qb3 Qe6 20. Qxe6 Rxe6 21. Rd1 Rae8 22. Rd4 Re4 23. Bb2 Nc4 24. Rb1 h6 25. b5 a5 26. Kg2 Nb6 27. Ra1 Nc4 28. Bc1 Rxd4 29.
cxd4 d5 30. Ra2 Re6 31. Bd2 b6 32. Rc2 1/2-1/2

[Event "ONJK 2024 ABC"]
[Site "Velp, Netherlands"]
[Date "2024.08.06"]
[Round "6.15"]
[White "Georgopoulos, Mylo"]
[Black "Hesse, Frederik"]
[Result "1-0"]
[TimeControl "90 minutes + 30 seconds"]
[WhiteElo "1776"]
[BlackElo "1684"]

1. e4 c6 2. d4 d5 3. e5 c5 4. c3 Nc6 5. Nf3 Bf5 6. Bd3 Bg4 7. Bb5 a6 8. Bxc6+ bxc6 9. Be3 cxd4 10.
cxd4 e6 11. Nbd2 Bb4 12. O-O Ne7 13. h3 Bh5 14. g4 Bg6 15. Qa4 Qb6 16. a3 Bxd2 17. Bxd2 Qxb2 18. Bb4 Qe2 19. Bxe7 Kxe7 20.
Qxc6 Qxf3 21. Rab1 Bxb1 22. Rxb1 Rab8 23. Qd6+ Ke8 24. Rxb8# 1-0

[Event "ONJK 2024 ABC"]
[Site "Velp, Netherlands"]
[Date "2024.08.06"]
[Round "6.16"]
[White "De Wit, Evan"]
[Black "Burger, Dominick"]
[Result "1/2-1/2"]
[TimeControl "90 minutes + 30 seconds"]
[WhiteElo "1782"]
[BlackElo "1686"]

1. d4 Nf6 2. Bg5 h6 3. Bxf6 exf6 4. e3 Bb4+ 5. c3 Ba5 6.
Nf3 d5 7. Bd3 c6 8. O-O O-O 9. h3 Nd7 10. c4 Nb6 11. c5 Nc4 12. b3 Nb2 13. Qe2 Nxd3 14. Qxd3 Bc7 15. Nc3 Be6 16. Nd2 Qd7 17. f4 Bf5 18.
Qe2 Rfe8 19. g4 Bh7 20. f5 b6 21. b4 a5 22. a3 axb4 23. axb4 Rxa1 24. Rxa1 bxc5 25. bxc5 Bf4 26. Nf1 Bxf5 27.
gxf5 Qxf5 28. Qf2 Qg5+ 29. Qg2 Bxe3+ 30. Kh1 Qxg2+ 31. Kxg2 Bxd4 32. Rc1 Bxc3 33. Rxc3 d4 34. Rc4 Re5 35.
Kf2 Rd5 36. Ke2 g5 37. Nd2 f5 38. Nf3 d3+ 39. Kd2 Kf8 40. Nd4 g4 41. hxg4 fxg4 42. Kxd3 Ke7 43. Ke4 Kd7 44. Nf5 h5 45.
Rd4 Rxd4+ 46. Nxd4 h4 47. Nf5 h3 48. Ke5 h2 49. Ng3 Ke7 50. Nf5+ Kd7 51. Ng3 Ke7 1/2-1/2

[Event "ONJK 2024 ABC"]
[Site "Velp, Netherlands"]
[Date "2024.08.06"]
[Round "6.17"]
[White "Vogels, Mathijs"]
[Black "Zhao, Nick"]
[Result "0-1"]
[TimeControl "90 minutes + 30 seconds"]
[WhiteElo "1732"]
[BlackElo "1836"]

1. e4 e5 2. Nf3 Nc6 3. Bc4 Nf6 4. d3 Bc5 5. Nc3 d6 6. h3 Na5 7. Bb3 Nxb3 8. axb3 a6 9. Be3 Bxe3 10.
fxe3 O-O 11. O-O Re8 12. Qd2 b6 13. Nd5 Bb7 14. Nxf6+ Qxf6 15. Nd4 Qg5 16. Nf3 Qh5 17. Qc3 Re7 18.
Qe1 g5 19. Qg3 f6 20. Nh2 Qg6 21. Rf2 h5 22. Nf3 Rf8 23. Nh4 Qh7 24. Nf5 Ref7 25. Raf1 Bc8 26. Ra1 d5 27. Qf3 dxe4 28.
Qxe4 Bxf5 29. Rxf5 a5 30. Raf1 Kg7 31. Qc6 Qg6 32. e4 Rd8 33. R1f3 Rd6 34. Qc3 Kf8 35. Qc4 Ke8 36. Qb5+ Kf8 37.
b4 axb4 38. Qxb4 Kg7 39. Rg3 h4 40. Rg4 Rfd7 41. Qd2 Kh7 42. g3 hxg3 43. Rxg3 Qh5 44. h4 Qxh4 45. Rg2 Kg8 46. Qe2 Rh7 47.
Rh2 Qxh2+ 48. Qxh2 Rxh2 49. Kxh2 Kf7 50.
Kg3 Ke6 51. Kg4 Rd8 52. Rf2 c5 53. b3 b5 54. Kf3 Rh8 55. Ke2 Rh3 56. Kd2 Kf7 57. Kc3 g4 58. Rg2 g3 59. b4 cxb4+ 60. Kxb4 Kg6 61. Kxb5 Kg5 62.
c4 Kf4 63. c5 Kf3 64. Rxg3+ Rxg3 65. Kc6 Kf4 66. Kb7 Rxd3 67. c6 Kxe4 68. c7 Rc3 69. c8=Q Rxc8 70. Kxc8 f5 71. Kd7 f4 72.
Ke6 f3 0-1

[Event "ONJK 2024 ABC"]
[Site "Velp, Netherlands"]
[Date "2024.08.06"]
[Round "6.18"]
[White "Meert, Maarin"]
[Black "Zouridis, Christian"]
[Result "1-0"]
[TimeControl "90 minutes + 30 seconds"]
[WhiteElo "1811"]
[BlackElo "1713"]

1. c4 e5 2. g3 Nf6 3. Bg2 d5 4. cxd5 Nxd5 5. Nf3 Nc6 6. O-O Nb6 7. Nc3 Be7 8. b3 f5 9. d3 Be6 10.
Bb2 g5 11. Nd2 h5 12. Nc4 Nxc4 13. dxc4 Qxd1 14. Raxd1 a6 15. Nd5 Bd6 16. c5 Bxd5 17. Rxd5 Ne7 18. cxd6 Nxd5 19. Bxd5 cxd6 20. Bxb7 Ra7 21.
Rc1 Kd7 22. Bd5 f4 23. Ba3 Rc7 24. Be6+ Kd8 25. Rd1 Rc6 26. Bf5 Ke7 27. Rd5 Kf6 28. Be4 Rd8 29. Kf1 h4 30. g4 Ke6 31.
Rd2 Rc7 32. Bf5+ Ke7 33. Rd5 Rc6 34. Rxe5+ Kf7 35. Rd5 Rc3 36. Rxd6 Rxd6 37. Bxd6 Rc1+ 38. Kg2 Ra1 39. a4 Rc1 40.
Bd3 Rc3 41. Be5 Rc5 42. Bd4 Rc6 43. b4 1-0

[Event "ONJK 2024 ABC"]
[Site "Velp, Netherlands"]
[Date "2024.08.06"]
[Round "6.19"]
[White "Koorevaar, Sarah-Joy"]
[Black "Hardeman, Imara"]
[Result "1-0"]
[TimeControl "90 minutes + 30 seconds"]
[WhiteElo "1531"]
[BlackElo "1549"]

1. d4 c6 2. e4 d5 3. e5 Bf5 4. Nf3 e6 5. g3 Nd7 6. Bg2 Ne7 7. O-O Ng6 8. Nc3 Be7 9. Re1 O-O 10.
b3 a6 11. a3 c5 12. Qe2 cxd4 13. Nxd4 Ndxe5 14. Nxf5 exf5 15. Bxd5 Rc8 16. Bb2 Nc6 17. Qf3 Qd7 18. Rad1 Bd6 19.
Na4 Qc7 20. Qxf5 Nce7 21. Qe4 Nxd5 22. Qxd5 Rfd8 23. Qf3 b5 24. Qc3 Qxc3 25. Nxc3 Be5 26. Rxd8+ Rxd8 27. Nd1 Bxb2 28. Nxb2 Rd2 29.
Re8+ Nf8 30. Rc8 g6 31. Kf1 Rd6 32. Nd3 Kg7 33. Ra8 Ne6 34. Ra7 Kf6 35. Nb4 Nc5 36. Ke2 Ke6 37. Ke3 h5 38.
Rc7 Nd7 39. Rc6 Rxc6 40. Nxc6 f5 41. b4 g5 42. Nd4+ Kf6 43. f4 g4 44. Kd3 Nb6 45. Nc6 Nd7 46. c4 Ke6 47. Nd4+ Kf6 48.
cxb5 axb5 49. Nxb5 Ke6 50. Nd4+ Kf6 51. a4 Nb6 52. a5 Nd5 53. Kc4 Nc7 54. b5 Ke7 55. Nxf5+ 1-0

[Event "ONJK 2024 ABC"]
[Site "Velp, Netherlands"]
[Date "2024.08.06"]
[Round "6.20"]
[White "Bloemberg, Jesper"]
[Black "Zeenni, Joseph"]
[Result "1-0"]
[TimeControl "90 minutes + 30 seconds"]
[WhiteElo "1692"]
[BlackElo "1688"]

1. d4 Nf6 2. c4 e6 3. Nf3 d5 4. Nc3 Bb4 5. Bg5 O-O 6. e3 h6 7. Bh4 c5 8. Bd3 dxc4 9. Bxc4 cxd4 10.
exd4 a6 11. O-O b5 12. Bb3 Bb7 13. Qe2 Nc6 14. Rfd1 Re8 15. a4 bxa4 16. Bxa4 a5 17. Rac1 g5 18. Bg3 Nh5 19. Ne5 Nxg3 20.
hxg3 Rc8 21. Qh5 Qf6 22. Ne4 Qg7 23. Bxc6 Bxc6 24. Nxc6 f5 25. Nxb4 fxe4 26. Nc6 Qd7 27. Qg6+ Kf8 28.
Qxh6+ Kg8 29. Qxg5+ Kh8 30. Qf6+ Kh7 31. Rc5 1-0

[Event "ONJK 2024 ABC"]
[Site "Velp, Netherlands"]
[Date "2024.08.07"]
[Round "7.1"]
[White "Leenen, Boyd"]
[Black "Musabayeva, Diana"]
[Result "1/2-1/2"]
[TimeControl "90 minutes + 30 seconds"]
[WhiteElo "1921"]
[BlackElo "1871"]

1. d4 Nf6 2. c4 e6 3. Nc3 Bb4 4.
f3 d5 5.
a3 Bxc3+ 6. bxc3 b6 7. cxd5 exd5 8. e3 O-O 9. Bd3 Re8 10. Ne2 Ba6 11. Bxa6 Nxa6 12. Qd3 Qc8 13. O-O c5 14.
Bd2 Nb8 15. Ng3 Nc6 16. Rad1 Na5 17. e4 Nc4 18. Bc1 b5 19. e5 Nd7 20. f4 a5 21. f5 cxd4 22. cxd4 b4 23. axb4 axb4 24.
f6 g6 25. Nf5 Kh8 26. Ne7 Rxe7 27. fxe7 Qe8 28. Qf3 Qxe7 29. Qxd5 Ndb6 30. Qf3 Kg8 31. Qg3 Nd5 32. Bg5 Qa7 33.
Qb3 Qa6 34. Ra1 Qxa1 35. Rxa1 Rxa1+ 36. Kf2 Ncb6 37. Qb2 Ra3 38. Bf6 Na4 39. Qc1 Nac3 40. Qh6 Nxf6 41. exf6 Ne4+ 42. Ke2 Nxf6 43.
Qf4 Kg7 44. Kd1 Ra1+ 45. Kc2 Ra2+ 46. Kb3 Rxg2 47. Qe5 h6 48. Kxb4 Rg5 49. Qe2 Rd5 50. Kc4 Rf5 51. Qe7 Nd5 52.
Qe4 Nb6+ 53. Kd3 Nd5 54. Qg4 Nf6 55. Qg2 g5 56. h4 Kg6 57. hxg5 hxg5 58. Ke3 g4 59. Qh2 Rf3+ 60. Ke2 Rh3 61.
Qf4 Rh5 62. Qg3 Rg5 63. Kf1 Rd5 64. Qe3 Rf5+ 1/2-1/2

[Event "ONJK 2024 ABC"]
[Site "Velp, Netherlands"]
[Date "2024.08.07"]
[Round "7.2"]
[White "Decraene, Lotus"]
[Black "Elferink, Leon"]
[Result "1/2-1/2"]
[TimeControl "90 minutes + 30 seconds"]
[WhiteElo "1799"]
[BlackElo "1900"]

1. e4 e5 2. Nf3 Nc6 3. Bc4 Bc5 4.
Nc3 d6 5. d3 h6 6. Be3 Bb6 7. h3 Nf6 8. d4 exd4 9. Nxd4 O-O 10. Qd2 Qe7 11. f3 Nxd4 12. Bxd4 Be6 13. Bb3 Rad8 14.
O-O-O Bxb3 15. axb3 Rfe8 16. g4 c6 17. Qf4 Bxd4 18. Rxd4 Qe5 19. Qxe5 dxe5 20. Rxd8 Rxd8 21. Rd1 1/2-1/2

[Event "ONJK 2024 ABC"]
[Site "Velp, Netherlands"]
[Date "2024.08.07"]
[Round "7.3"]
[White "Rogozyanskiy, Alexander"]
[Black "Hesse, Lucas"]
[Result "1-0"]
[TimeControl "90 minutes + 30 seconds"]
[WhiteElo "1803"]
[BlackElo "1708"]

1. e4 d5 2. exd5 Qxd5 3. Nc3 Qa5 4. Bc4 Nf6 5. d3 c6 6. Bd2 Qc7 7. Qe2 g6 8. O-O-O Bg7 9. Re1 e6 10.
h4 O-O 11. g4 e5 12. f3 b5 13. Bb3 a5 14. a4 Ba6 15. h5 e4 16. fxe4 Nbd7 17. hxg6 hxg6 18. e5 Nd5 19. Qh2 Rfe8 20.
Qh7+ Kf8 21. Bh6 Ke7 22. Qxg7 Rg8 23. Bg5+ Ke6 24. Nf3 Qa7 25. Nxd5 cxd5 26. Bxd5+ Kxd5 27. Qxf7+ Kc6 28. Qe6+ Kc7 29.
Rh7 Rad8 30. Bxd8+ Rxd8 31. Qd6+ Kc8 32. e6 1-0

[Event "ONJK 2024 ABC"]
[Site "Velp, Netherlands"]
[Date "2024.08.07"]
[Round "7.5"]
[White "Faybish, Dana"]
[Black "Bernfeld, Ben"]
[Result "1-0"]
[TimeControl "90 minutes + 30 seconds"]
[WhiteElo "1707"]
[BlackElo "1438"]

1. e4 e5 2. Nf3 Nc6 3. Bc4 Nf6 4. d3 Bc5 5. O-O d6 6. c3 Bg4 7. Nbd2 O-O 8. h3 Bh5 9. Re1 Qd7 10.
Bb3 h6 11. Nf1 Rae8 12. Ng3 Bg6 13. Nh4 Kh8 14. Qf3 Ne7 15. Bxh6 gxh6 16. Qxf6+ Kh7 17. a4 Qc6 18. Ngf5 Nxf5 19.
Nxf5 Bxf5 20. Qxf5+ Kh8 21. Qf6+ Kg8 22. Qg6+ Kh8 23. Bxf7 d5 24. Bxe8 Bxf2+ 25. Kh1 Qxg6 26. Bxg6 Bxe1 27.
Rxe1 Rf2 28. exd5 Rxb2 29. Rxe5 Ra2 30. Re7 Rxa4 31. Rxc7 a5 32. d6 1-0

[Event "ONJK 2024 ABC"]
[Site "Velp, Netherlands"]
[Date "2024.08.07"]
[Round "7.6"]
[White "Blok, Xaveer"]
[Black "Sapulette, Jay-Giani"]
[Result "1-0"]
[TimeControl "90 minutes + 30 seconds"]
[WhiteElo "1885"]
[BlackElo "1746"]

1. e4 e5 2. Nf3 Nc6 3. d4 exd4 4. Nxd4 Bc5 5. Be3 Qf6 6. c3 d6 7. Bc4 Ne5 8. Be2 Qg6 9. O-O Nf6 10.
f3 d5 11. exd5 Bh3 12. Rf2 Nxd5 13. Qc1 O-O-O 14. f4 Nxe3 15. Qxe3 Nc6 16. Qxh3+ Kb8 17. Bh5 Nxd4 18. Bxg6 hxg6 19.
cxd4 Rxh3 20. dxc5 Rd1+ 21. Rf1 Rxf1+ 22. Kxf1 Rxh2 23. Kg1 Rh5 24. b4 Rh4 25. g3 Rg4 26. Kf2 g5 27. Kf3 f5 28.
Nc3 gxf4 29. gxf4 c6 30. Rh1 g5 31. fxg5 Rxg5 32. a3 Rg4 33. Rh5 Rg1 34. a4 Rc1 35. Ne2 Rf1+ 36. Ke3 Rb1 37.
Rh4 Rb3+ 38. Kd2 Rb2+ 39. Kd3 a5 40. bxa5 Ka7 41. Nd4 Ka6 42. Nxf5 Kxa5 43. Nd6 Ka6 44. Kc3 Rg2 45. Rb4 Rg3+ 46.
Kc4 Rg4+ 47. Kb3 Rg3+ 48. Ka2 Rg2+ 49. Ka3 Rg3+ 50. Rb3 Rg7 51. Rb6+ Ka7 52. Kb4 Rh7 53. Kc3 Ka8 54. Nxb7 Rh3+ 55.
Kb4 Rh4+ 56. Ka5 Rh6 57. Nd8 Rh4 58. Nxc6 Rxa4+ 59. Kb5 1-0

[Event "ONJK 2024 ABC"]
[Site "Velp, Netherlands"]
[Date "2024.08.07"]
[Round "7.7"]
[White "Frederiks, Jesse"]
[Black "Madularea, David"]
[Result "1/2-1/2"]
[TimeControl "90 minutes + 30 seconds"]
[WhiteElo "1757"]
[BlackElo "2190"]

1. e4 c5 2. Nf3 d6 3. d4 cxd4 4. Nxd4 Nf6 5. Nc3 g6 6. f3 Nbd7 7. Be3 h5 8. Qd2 a6 9. Be2 Bg7 10.
O-O O-O 11. Rfd1 Re8 12. a4 Qc7 13. Nb3 Ne5 14. a5 Nc4 15. Bxc4 Qxc4 16. Na4 Nd7 17. Bd4 Bxd4+ 18. Nxd4 Rb8 19. Qc3 Qxc3 20. Nxc3 b6 21. axb6 Rxb6 22. b3 Nf6 23. Nd5 Nxd5 24.
exd5 Bb7 25. c4 e5 26. dxe6 fxe6 27. Rab1 Bc8 28. Ne2 Kf7 29. Nc3 Ke7 30. Kf2 Bd7 31. Ne4 Reb8 32. c5 dxc5 33.
Nxc5 Bc6 34. Ra1 Ra8 35. Ra5 Bb5 36. Rda1 Kd6 37. Ne4+ Ke7 38. Nc5 h4 39. g3 g5 40. gxh4 gxh4 41.
Ke3 h3 42. Rg1 Rc8 43. Ne4 Rbc6 44. Rg7+ Kf8 45. Rh7 Bf1 46. Rah5 R6c7 47. Rh8+ Kg7 48. R8h7+ Kf8 49. Rh8+ Kg7 50.
R8h7+ 1/2-1/2

[Event "ONJK 2024 ABC"]
[Site "Velp, Netherlands"]
[Date "2024.08.07"]
[Round "7.8"]
[White "Hagen, Carlijn"]
[Black "Kool, Jesper"]
[Result "0-1"]
[TimeControl "90 minutes + 30 seconds"]
[WhiteElo "1645"]
[BlackElo "1823"]

1. d4 d5 2. Bf4 e6 3. e3 c5 4. c3 Nc6 5. Nf3 Bd6 6. Bg3 Nge7 7. Bd3 c4 8. Bc2 O-O 9. Nbd2 b5 10.
a3 Ng6 11. Bxd6 Qxd6 12. h4 e5 13. h5 Nge7 14. Ng5 e4 15. h6 g6 16. Qe2 f5 17. O-O-O a5 18. Nb1 b4 19. cxb4 axb4 20.
axb4 Nxb4 21. Na3 Na2+ 22. Kb1 Rxa3 23. Qe1 Ra8 24. f3 Qb4 25. Qxb4 Nxb4 26. fxe4 dxe4 27. Rhe1 Bd7 28. Rc1 Ra7 29.
Re2 Rfa8 30. b3 c3 31. Bxe4 Ra1# 0-1

[Event "ONJK 2024 ABC"]
[Site "Velp, Netherlands"]
[Date "2024.08.07"]
[Round "7.9"]
[White "Musabayev, Maxim"]
[Black "Zhezheria, Maksym"]
[Result "1-0"]
[TimeControl "90 minutes + 30 seconds"]
[WhiteElo "1824"]
[BlackElo "1626"]

1. e4 e6 2. d4 d5 3. exd5 exd5 4. Bd3 c6 5. Nf3 Bg4 6. h3 Bxf3 7. Qxf3 Be7 8. O-O Nf6 9. Qg3 g6 10.
Bh6 Nbd7 11. Re1 Nf8 12. Qe3 Ne6 13. f4 Qd6 14. f5 gxf5 15. Bxf5 Kd7 16. Bf4 Qb4 17. Bxe6+ fxe6 18. Qxe6+ Kd8 19.
c3 Qb6 20. Qxe7+ Kc8 21. Qxf6 1-0

[Event "ONJK 2024 ABC"]
[Site "Velp, Netherlands"]
[Date "2024.08.07"]
[Round "7.10"]
[White "Van Groning, Christian"]
[Black "Henckens, Elof"]
[Result "1/2-1/2"]
[TimeControl "90 minutes + 30 seconds"]
[WhiteElo "1778"]
[BlackElo "1707"]

1. e4 e5 2. Nf3 Nf6 3. Nc3 Bb4 4. Bc4 Bxc3 5. bxc3 d6 6. d3 O-O 7. h3 h6 8. O-O Re8 9. Re1 Nbd7 10.
Bb3 Nf8 11. Be3 Ng6 12. Qd2 Qe7 13. Kh2 Bd7 14. Rad1 Rad8 1/2-1/2

[Event "ONJK 2024 ABC"]
[Site "Velp, Netherlands"]
[Date "2024.08.07"]
[Round "7.11"]
[White "Janssen, Thijn"]
[Black "De Rycke, Killian"]
[Result "1/2-1/2"]
[TimeControl "90 minutes + 30 seconds"]
[WhiteElo "1465"]
[BlackElo "1751"]

1. e4 e6 2. d4 d5 3. exd5 exd5 4. Nf3 Bd6 5. Bd3 Ne7 6. O-O O-O 7. Re1 Bf5 8. Bg5 Bxd3 9. Qxd3 h6 10.
Bh4 c6 11. c4 dxc4 12. Qxc4 Qc7 13. Nbd2 Nf5 14. Bg3 Nxg3 15. hxg3 Nd7 16. Ne4 Nb6 17. Qb3 Rfe8 18. Re2 Re7 19.
Rae1 Rae8 20. Nh4 Qd7 21. Kf1 Bb8 22. Nc5 Rxe2 23. Rxe2 Qc8 24. Rxe8+ Qxe8 25. Nxb7 Qe4 26. Na5 Bd6 27.
Nf3 Qb1+ 28. Ke2 Nd5 29. Nxc6 Qe4+ 30. Kd2 Nf4 31. gxf4 Bxf4+ 32. Kc3 Qxc6+ 33. Qc4 Qg6 34. Nh4 Qd6 35.
Qc8+ Kh7 36. Qf5+ Kg8 37. g3 Bg5 38. Nf3 Qc6+ 39. Kd3 Qa6+ 40. Ke4 Qe2+ 41. Kd5 Qb5+ 42. Ke4 Qe2+ 43. Kd5 Qb5+ 1/2-1/2

[Event "ONJK 2024 ABC"]
[Site "Velp, Netherlands"]
[Date "2024.08.07"]
[Round "7.12"]
[White "Helderman, Faas"]
[Black "Verhoog, Willem"]
[Result "1-0"]
[TimeControl "90 minutes + 30 seconds"]
[WhiteElo "1603"]
[BlackElo "1674"]

1. d4 Nf6 2. Bf4 c5 3. c3 Qb6 4.
Qb3 cxd4 5. Qxb6 axb6 6. cxd4 Nc6 7. e3 e6 8. Nc3 Bb4 9. Nge2 d5 10. O-O-O O-O 11. a3 Be7 12. Nb5 Ne4 13.
Bg3 Bd7 14. Nec3 Nxc3 15. Nxc3 Na5 16. Bb5 Bxb5 17. Nxb5 Rfc8+ 18. Kb1 Nc4 19. Rd3 Ra5 20. Nc3 b5 21. Re1 b4 22. axb4 Bxb4 23.
Re2 Rca8 24. f3 Bxc3 25. Rxc3 h6 26. Rb3 Ra1+ 27. Kc2 Rb8 28. Bxb8 b6 29. Bc7 1-0

[Event "ONJK 2024 ABC"]
[Site "Velp, Netherlands"]
[Date "2024.08.07"]
[Round "7.13"]
[White "Dijkhuijsen, Thomas"]
[Black "Roebers, Bregje"]
[Result "0-1"]
[TimeControl "90 minutes + 30 seconds"]
[WhiteElo "1750"]
[BlackElo "1796"]

1. e4 g6 2. d4 Bg7 3. Nf3 c6 4.
Bd3 d5 5. e5 Bg4 6. h3 Bxf3 7. Qxf3 e6 8. Bf4 Qb6 9. Nd2 Qxd4 10. c3 Qb6 11. Nb3 Nd7 12. Qe2 Ne7 13. O-O O-O 14.
Rfe1 a6 15. Rac1 c5 16. Be3 Qc7 17. c4 d4 18. Bf4 Nc6 19. Bh2 Ncxe5 20. Rc2 Qb6 21. f4 Nc6 22. Be4 Nb4 23. Rd2 Nxa2 24.
Nc1 Nxc1 25. Rxc1 Nf6 26. Qf3 Nxe4 27. Qxe4 Qb4 28. Rdc2 Qb3 29. Rd1 Rfd8 30. Qd3 Qb4 31. Bg3 Rac8 32.
Ra1 Qb6 33. Bh4 Rd7 34. Re1 Qc6 35. b3 b5 36. Rec1 b4 37. Re2 a5 38. Ra1 a4 39. Rxa4 Ra8 40. Rea2 Rxa4 41. Rxa4 f5 42.
Bg3 Qe4 43. Qd2 d3 44. Kf2 Bd4+ 45. Kf1 Bc3 46. Qa2 d2 47. Ra8+ Kg7 48. Kg1 d1=Q+ 49. Kh2 Qde2 50. Qxe2 Qxe2 51.
Bh4 Bf6 52. Bg3 Rd2 53. Ra7+ Kh6 54. Rxh7+ Kxh7 55. Bf2 Qxf2 56. Kh1 Qxg2# 0-1